 Dungeon Crawl Stone Soup version 0.30-a0-782-ge64f9170bb (webtiles) character file.

Game seed: 5584352688679593960

385 mopl the Digger (level 6, -12/45 HPs)
             Began as a Draconian Earth Elementalist on Mar 17, 2023.
             Killed from afar by an acid dragon (21 damage)
             ... with a splash of acid
             ... on level 5 of the Dungeon.
             The game lasted 00:05:39 (3734 turns).

mopl the Digger (Draconian Earth Elementalist)      Turns: 3734, Time: 00:05:40

Health: -12/45     AC:  8    Str: 10    XL:     6   Next: 48%
Magic:  5/12       EV: 12    Int: 17    God:
Gold:   264        SH:  0    Dex: 12    Spells: 6/13 levels left

rFire   . . .      SeeInvis .    a - +3 dagger (holy)
rCold   . . .      Faith    .    (no shield)
rNeg    . . .      Spirit   .    (body armour unavailable)
rPois   .          Reflect  .    j - +2 hat
rElec   .          Harm     .    (no cloak)
rCorr   .          Rampage  .    (no gloves)
Will    .....                    (no boots)
Stlth   ++                       (no amulet)
HPRegen 0.27/turn                (no ring)
MPRegen 0.13/turn                (no ring)

@: no status effects
A: AC +6, unfitting armour, cold-blooded
a: no special abilities


You were on level 5 of the Dungeon.
You visited 1 branch of the dungeon, and saw 5 of its levels.

You collected 276 gold pieces.
You spent 12 gold pieces at shops.

Inventory:

Hand Weapons
 a - a +3 dagger of holy wrath (weapon)
Missiles
 h - 14 poisoned darts
 m - 50 stones
 t - 4 silver boomerangs
Armour
 j - a +2 hat (worn)
Scrolls
 b - 5 scrolls of teleportation {unknown}
 f - 4 scrolls of enchant armour {unknown}
 g - a scroll of poison {unknown}
 k - 2 scrolls of blinking {unknown}
 n - 9 scrolls of identify {unknown}
 o - a scroll of magic mapping {unknown}
 q - a scroll of enchant weapon {unknown}
 r - 3 scrolls of fear {unknown}
 w - a scroll of vulnerability {unknown}
Potions
 c - 2 potions of flight {unknown}
 d - 4 potions of curing
 e - 2 potions of brilliance {unknown}
 i - a potion of haste {unknown}
 l - a potion of magic
 p - 2 potions of resistance {unknown}
 s - a potion of heal wounds {unknown}
 u - a potion of degeneration {unknown}
 v - a potion of berserk rage {unknown}


   Skills:
 - Level 1.7 Dodging
 - Level 1.7 Stealth
 + Level 4.0 Spellcasting
 + Level 3.8 Transmutations
 + Level 4.9 Earth Magic


You had 6 spell levels left.
You knew the following spells:

 Your Spells              Type           Power      Damage    Failure   Level
a - Sandblast             Erth           40%        2d10      1%          1
p - Passwall              Tmut/Erth      15%        N/A       4%          2
t - Petrify               Tmut/Erth      18%        N/A       26%         4

Your spell library contained the following spells:

 Spells                   Type           Power      Damage    Failure   Level
 Stone Arrow              Conj/Erth      22%        3d8       17%         3
 Blink                    Tloc           6%         N/A       24%         2
 Ensorcelled Hibernation  Hex/Ice        6%         N/A       24%         2
 Lesser Beckoning         Tloc           6%         N/A       24%         2
 Momentum Strike          Conj/Tloc      6%         3d8       24%         2
 Kindle Blastsparks       Fire/Tloc/Air  6%         2d10      43%         3
 Swiftness                Air            3%         N/A       43%         3
 Lee's Rapid Deconstruct  Erth           10%        3d8*      50%         5
 Fulminant Prism          Conj/Hex       1%         3d5       83%         4
 Iskenderun's Mystic Bla  Conj/Tloc      3%         2d3       83%         4
 Manifold Assault         Tloc           3%         N/A       83%         4
 Storm Form               Tmut/Air       4%         N/A       100%        7


Dungeon Overview and Level Annotations

Branches:
Dungeon (5/15)             Temple (0/1) D:5

Altars:
Cheibriados
Gozag
Makhleb
Yredelemnul

Shops:
D:3 [

Annotations:
D:4 app, exclusion: 4 doors


Innate Abilities, Weirdness & Mutations

Your plain brown scales are hard. (AC +6)
You cannot fit into any form of body armour.
You are cold-blooded and may be slowed by cold attacks.


Message History

The acid dragon spits acid at you. The splash of acid hits you!!
Casting: Sandblast (safe; 1% risk of failure)
Confirm with . or Enter, or press ? or * to list all spells.
Aiming: Sandblast (safe; 1% risk of failure)
Press: ? - help, Shift-Dir - straight line, f - acid dragon
Aim: an acid dragon (83% to hit)
The blast of sand hits the acid dragon but does no damage.
Unknown command.
Casting: Sandblast (safe; 1% risk of failure)
Confirm with . or Enter, or press ? or * to list all spells.
Aiming: Sandblast (safe; 1% risk of failure)
Press: ? - help, Shift-Dir - straight line, f/p - acid dragon
Aim: an acid dragon (83% to hit)
The blast of sand hits the acid dragon.
The acid dragon is lightly wounded.
Unknown command.
Casting: Sandblast (safe; 1% risk of failure)
Confirm with . or Enter, or press ? or * to list all spells.
Aiming: Sandblast (safe; 1% risk of failure)
Press: ? - help, Shift-Dir - straight line, f/p - acid dragon
Aim: an acid dragon (lightly wounded, 83% to hit)
The blast of sand misses the acid dragon.
The acid dragon spits acid at you. The splash of acid misses you.
The acid dragon bites you!
* * * LOW HITPOINT WARNING * * *
The acid dragon claws you but does no damage.
Unknown command.
Casting: Sandblast (safe; 1% risk of failure)
Confirm with . or Enter, or press ? or * to list all spells.
The spell is quite dangerous to miscast (26% risk of failure)!
Continue anyway? [Y]es or [N]o only, please.
The spell is quite dangerous to miscast (26% risk of failure)!
Continue anyway?
Aiming: Petrify (quite dangerous; 26% risk of failure)
Press: ? - help, Shift-Dir - straight line, f/p - acid dragon
Aim: an acid dragon (lightly wounded, chance to affect: 50%)
The acid dragon resists with significant effort.
The acid dragon spits acid at you. The splash of acid hits you!!
You die...

#.##.##.#
#.......#...
#.##....#
#########.##
#.####..#
##....##
#.####..#
<..##...
#.......#
....##...
#####...##
.........
#.....#
....#..##
##...##
....##.##
##@##
###...... #D#
####..# #.#
#... #.#
#########.)#
##.####.......
#... #.......#
#.. ....#
#.###..#...#
#.##.# #.
#..###..#...
#.. #.#..#D#.#
#.. ###


You could see an acid dragon (catching breath).

Vanquished Creatures
  2 scorpions
  A jelly (D:4)
  An orc priest (D:4)
  Jessica (D:3)
  2 iguanas
  3 adders
  3 worms
  4 dart slugs
  7 orcs (D:4)
  4 bats
  7 endoplasms
  A giant cockroach (D:3)
  7 goblins
  5 hobgoblins
  A jackal (D:4)
  2 quokkas
  10 ball pythons
  4 frilled lizards
  6 kobolds
  5 rats
  A bush (D:4)
77 creatures vanquished.

Notes
Turn   | Place    | Note
-------+----------+-------------------------------------------
     0 | D:1      | mopl the Draconian Earth Elementalist began the quest for
                  | the Orb.
     0 | D:1      | Reached XP level 1. HP: 14/14 MP: 3/3
   173 | D:1      | Reached XP level 2. HP: 20/20 MP: 0/5
   576 | D:2      | Found an opulent altar of Gozag.
   603 | D:2      | Reached XP level 3. HP: 26/26 MP: 1/6
   709 | D:2      | Reached skill level 2 in Transmutations
  1211 | D:3      | Noticed Jessica
  1216 | D:3      | Killed Jessica
  1217 | D:3      | Reached XP level 4. HP: 33/33 MP: 4/8
  1230 | D:3      | Found a basalt altar of Yredelemnul.
  1330 | D:3      | Found Zealuzem's Armour Shoppe.
  1661 | D:3      | Found a faded altar of an unknown god.
  2131 | D:4      | Reached skill level 3 in Spellcasting
  2131 | D:4      | Reached skill level 4 in Earth Magic
  2142 | D:4      | Found Ytoelos's CLEARANCE SALE!.
  2145 | D:4      | Noticed a scorpion
  2158 | D:4      | Killed a scorpion
  2159 | D:4      | Reached skill level 3 in Transmutations
  2159 | D:4      | Reached XP level 5. HP: 17/38 MP: 1/10
  2269 | D:4      | Bought 5 poisoned darts for 12 gold pieces
  2453 | D:4      | Found a burning altar of Makhleb.
  2467 | D:4      | Noticed a black bear
  2472 | D:4      | Learned a level 2 spell: Passwall
  2477 | D:4      | Learned a level 4 spell: Petrify
  2625 | D:4      | Found a snail-covered altar of Cheibriados.
  3063 | D:4      | Noticed a black bear
  3220 | D:4      | Reached XP level 6. HP: 45/45 MP: 7/11
  3457 | D:5      | Entered Level 5 of the Dungeon
  3552 | D:5      | Reached skill level 4 in Spellcasting
  3642 | D:5      | Found a staircase to the Ecumenical Temple.
  3719 | D:5      | Noticed an acid dragon
  3734 | D:5      | Killed from afar by an acid dragon

Illustrated notes

Levels and vault maps discovered:
D:1:      elethiomel_arrival_quiet, layout_rooms, minmay_misc_feat_more_columns,
          minivault_19, minmay_quantized
D:2:      layout_basic, basic_altar
D:3:      layout_basic, lemuel_round_altar, serial_forest,
          infiniplex_forest_corner_2, infiniplex_forest_end_1,
          infiniplex_forest_lined_3_way, infiniplex_forest_end_3,
          infiniplex_forest_end_1, infiniplex_forest_clump_small,
          infiniplex_forest_clump_curved, infiniplex_forest_zigzag_1,
          infiniplex_forest_fountain, infiniplex_forest_straight_3,
          serial_shops, nicolae_shop_hallway_plus,
          nicolae_ecumenical_snake_handling, uniq_jessica
D:4:      layout_cave_pods, kennysheep_slug_shrine, bloody_makhleb, serial_park,
          serial_park_tiny_1, serial_park_square3 [serial_park_minivault_5x5_3],
          serial_park_tiny_pond, serial_park_square2, minmay_statues_item,
          nicolae_shop_clearance
D:5:      layout_loops_cross, minmay_temple_entry_stoned_glass,
          minmay_manual_mail

Skill      XL: |  1  2  3  4  5  6 |
---------------+-------------------+-----
Transmutations | 2 3 |  3.8
Spellcasting   | 3 4 |  4.0
Earth Magic    | 4 |  4.9
Dodging        | |  1.7
Stealth        | |  1.7

Action                     |  1- 3 |  4- 6 || total
---------------------------+-------+-------++-------
  Melee: Unarmed           |     9 |     2 ||    11
         Tailslap          |     1 |    39 ||    40
         Dagger            |     2 |   141 ||   143
  Throw: Dart              |       |     4 ||     4
   Cast: Sandblast         |    50 |    79 ||   129
         Petrify           |       |     1 ||     1
    Use: Potion            |       |     1 ||     1
 Armour: Skin              |     9 |    22 ||    31
  Dodge: Dodged            |    21 |    46 ||    67

Table legend: (Time is in decaauts)
 A = Elapsed time spent in this place.
 B = Non-inter-level travel time spent in this place.
 C = Inter-level travel time spent in this place.
 D = Time resting spent in this place.
 E = Time spent auto-exploring this place.
 F = Levels seen in this place.
 G = Mean time per level.
                   A        B        C        D        E       F      G
               +--------+--------+--------+--------+--------+-----+--------+
         Total |   3799 |   3535 |    264 |    349 |   2423 |   5 |  759.8 |
       Dungeon |   3799 |   3535 |    264 |    349 |   2423 |   5 |  759.8 |
               +--------+--------+--------+--------+--------+-----+--------+

Top non-repeatable levels by time:
     D:4: 1323 daAuts
     D:3: 972 daAuts
     D:2: 658 daAuts
     D:1: 558 daAuts
     D:5: 286 daAuts
